 Dungeon Crawl Stone Soup version 0.32-a0-673-g3729bd50f8 (webtiles) character file.

Game seed: 13727828797833335830

136388 ytrimaz the Convoker (level 16, -14/122 HPs)
             Began as a Demonspawn Summoner on Mar 10, 2024.
             Was a High Priest of Sif Muna.
             Demolished by a nagaraja
             ... wielding a +0 flail
              (28 damage)
             ... on level 2 of the Snake Pit on Mar 11, 2024.
             The game lasted 01:05:35 (35254 turns).

ytrimaz the Convoker (Demonspawn Summoner)         Turns: 35254, Time: 01:05:36

Health: -14/122    AC:  8    Str:  7      XL:     16   Next: 66%
Magic:  23/34      EV: 23    Int: 31 (32) God:    Sif Muna [*****.]
Gold:   1065       SH:  4    Dex: 22      Spells: 2/44 levels left

rFire   + + .        T - +5 rapier "Detyjit" {pain, rF+ Dex+7}
rCold   + + .        (no shield)
rNeg    . . .        P - +0 leather armour of Cedy {rPois rC+}
rPois   +            E - -1 helmet "Needo Xit" {rC+ SInv}
rElec   .            (cloak unavailable)
rCorr   .            N - +1 pair of gloves
SInv    +            r - +2 pair of boots
Will    +....        S - amulet of magic regeneration
Stlth   ++           w - +6 ring of intelligence
HPRegen 0.40/turn    R - ring of wizardry
MPRegen 0.64/turn

%: wizardry (x1)
@: lethally poisoned (-14 -> -16), slowed, studying Polearms, very slow
A: repulsion field 2, ignite blood 3, spiny 2, weakness stinger 3, talons 2,
large bone plates 1, clever 1, fire resistance 1
a: Renounce Religion, Channel Magic, Forget Spell, Divine Exegesis


You were on level 2 of the Snake Pit.
You worshipped Sif Muna.
Sif Muna was extremely pleased with you.
You visited 6 branches of the dungeon, and saw 26 of its levels.
You also visited: Ice Cave.

You collected 2488 gold pieces.
You spent 1423 gold pieces at shops.


Innate Abilities, Weirdness & Mutations

You are surrounded by a moderate repulsion field. (EV +3)
Your demonic aura causes all spilled blood to erupt in flames.
You are mostly covered in sharp spines.
You have a sharp stinger which inflicts weakening toxins.
You have razor-sharp toenails.
You are partially covered in large bone plates. (SH +4)
Your mind is acute. (Int +4, Str/Dex -1)
Your flesh is heat resistant. (rF+)


   Skills:
 - Level 10.0 Fighting
 - Level 12.0 Dodging
 - Level 1.9 Stealth
 + Level 14.7 Spellcasting
 - Level 4.0 Hexes
 + Level 18.4 Summonings
 - Level 4.0 Necromancy
 - Level 4.0 Fire Magic
 - Level 4.0 Air Magic
 - Level 9.0 Invocations


You had 2 spell levels left.
You knew the following spells:

 Your Spells              Type           Power      Damage    Failure   Level
a - Monstrous Menagerie   Summ           47%        N/A       1%          7
b - Summon Mana Viper     Hex/Summ       75%        N/A       1%          5
c - Summon Cactus Giant   Summ           47%        N/A       1%          6
d - Summon Hydra          Summ           47%        N/A       1%          7
e - Summon Horrible Thin  Summ           47%        N/A       4%          8
f - Dragon's Call         Summ           47%        N/A       52%         9

Your spell library contained the following spells:

 Spells                   Type           Power      Damage    Failure   Level
 Summon Small Mammal      Summ           100%       N/A       0%          1
 Call Imp                 Summ           100%       N/A       0%          2
 Foxfire                  Conj/Fire      100%       2x1d9     1%          1
 Magic Dart               Conj           88%        1d7       1%          1
 Slow                     Hex            100%       N/A       1%          1
 Sting                    Conj/Alch      88%        1d8       1%          1
 Blink                    Tloc           44%        N/A       1%          2
 Ensorcelled Hibernation  Hex/Ice        70%        N/A       1%          2
 Lesser Beckoning         Tloc           44%        N/A       1%          2
 Momentum Strike          Conj/Tloc      44%        3d9       1%          2
 Scorch                   Fire           94%        2d8       1%          2
 Sublimation of Blood     Necr           47%        N/A       1%          2
 Call Canine Familiar     Summ           95%        N/A       0%          3
 Dazzling Flash           Conj/Hex       70%        N/A       1%          3
 Inner Flame              Hex/Fire       47%        N/A       1%          3
 Summon Ice Beast         Ice/Summ       68%        N/A       1%          3
 Swiftness                Air            47%        N/A       1%          3
 Tukima's Dance           Hex            47%        N/A       1%          3
 Animate Armour           Summ/Erth      100%       N/A       1%          4
 Martyr's Knell           Necr/Summ      75%        N/A       1%          4
 Summon Blazeheart Golem  Fire/Summ      75%        N/A       1%          4
 Summon Lightning Spire   Summ/Air       75%        N/A       1%          4
 Summon Forest            Summ/Tloc      34%        N/A       1%          5
 Mephitic Cloud           Conj/Alch/Air  31%        N/A       2%          3
 Anguish                  Hex/Necr       23%        N/A       2%          4
 Cause Fear               Hex            23%        N/A       2%          4
 Gell's Gravitas          Tloc           22%        N/A       3%          3
 Hailstorm                Conj/Ice       22%        3d7       3%          3
 Passwall                 Erth           22%        N/A       3%          3
 Teleport Other           Tloc           22%        N/A       3%          3
 Dimensional Bullseye     Hex/Tloc       17%        N/A       5%          4
 Flame Wave               Conj/Fire      35%        2d10      5%          4
 Ignite Poison            Fire/Alch      35%        N/A       5%          4
 Sticky Flame             Fire/Alch      35%        2d7       5%          4
 Silence                  Hex/Air        23%        N/A       6%          5
 Haunt                    Necr/Summ      37%        N/A       11%         7
 Iskenderun's Mystic Bla  Conj/Tloc      22%        2d6       12%         4
 Metabolic Englaciation   Hex/Ice        17%        N/A       16%         5
 Yara's Violent Unravell  Hex/Alch       17%        3d8       16%         5
 Malign Gateway           Summ/Tloc      34%        N/A       22%         7
 Spellforged Servitor     Conj/Summ      34%        N/A       22%         7
 Iskenderun's Battlesphe  Conj           22%        2d8       32%         5
 Conjure Ball Lightning   Conj/Air       17%        3x3d6     58%         6
 Starburst                Conj/Fire      17%        6d6       58%         6
 Bombard                  Conj/Erth      11%        9d3       86%         6
 Sculpt Simulacrum        Ice/Alch       11%        N/A       86%         6
 Enfeeble                 Hex            23%        N/A       86%         7
 Orb of Destruction       Conj           11%        9d6       100%        7
 Ignition                 Fire           23%        3d8       100%        8

Inventory:

Hand Weapons
 T - the +5 rapier "Detyjit" (weapon) {pain, rF+ Dex+7}
   (You found it on level 5 of the Lair of Beasts)

   Dex+7:     It affects your dexterity (+7).
   rF+:       It protects you from fire.
Armour
 b - the +5 Storm Queen's Shield {shock, Fly rElec}
   (You found it on level 10 of the Dungeon)

   Shock:     When it blocks an attack, it may electrocute the attacker.
   This works even against foes who are a short distance away.
   rElec:     It insulates you from electricity.
   Fly:       It grants you flight.
 h - the +3 leather armour of Tartarus {^Contam rElec rC- Int+8}
   (You found it on level 2 of the Dungeon)

   Int+8:     It affects your intelligence (+8).
   rC-:       It makes you vulnerable to cold.
   rElec:     It insulates you from electricity.
   ^Contam:   It causes magical contamination when unequipped.
 r - a +2 pair of boots (worn)
   (You found it on level 4 of the Dungeon)
 E - the -1 helmet "Needo Xit" (worn) {rC+ SInv}
   (You found it on level 4 of the Dungeon)

   rC+:       It protects you from cold.
   SInv:      It lets you see invisible.
 M - the orb "Yngaclat" {light, rElec}
   (You found it on level 15 of the Dungeon)

   rElec:     It insulates you from electricity.
 N - a +1 pair of gloves (worn)
   (You found it on level 15 of the Dungeon)
 P - the +0 leather armour of Cedy (worn) {rPois rC+}
   (You bought it in a shop on level 2 of the Orcish Mines)

   rC+:       It protects you from cold.
   rPois:     It protects you from poison.
Jewellery
 i - an amulet of regeneration
   (You found it on level 2 of the Dungeon)
 k - a ring of see invisible
   (You found it on level 2 of the Dungeon)
 n - a +6 ring of intelligence
   (You found it on level 3 of the Dungeon)
 p - an amulet of faith
   (You found it on level 5 of the Lair of Beasts)
 w - a +6 ring of intelligence (left hand)
   (You found it on level 6 of the Dungeon)
 C - a ring of magical power
   (You found it on level 8 of the Dungeon)
 Q - a ring of wizardry
   (You found it in an ice cave)
 R - a ring of wizardry (right hand)
   (You found it on level 12 of the Dungeon)
 S - an amulet of magic regeneration (around neck)
   (You found it on level 3 of the Lair of Beasts)
 U - a ring of protection from cold
   (You found it on level 4 of the Lair of Beasts)
 Z - a ring of resist corrosion
   (You found it on level 5 of the Lair of Beasts)
Wands
 a - a wand of mindburst (17)
   (You found it on level 13 of the Dungeon)
 u - a wand of flame (49)
   (You took it off an orc on level 5 of the Dungeon)
 v - a wand of iceblast (8)
   (You found it on level 6 of the Dungeon)
 F - a wand of charming (25)
   (You took it off a kobold demonologist on level 11 of the Dungeon)
 G - a wand of digging (5)
   (You found it on level 10 of the Dungeon)
 L - a wand of polymorph (11)
   (You found it on level 13 of the Dungeon)
Scrolls
 c - 7 scrolls of teleportation
 g - 2 scrolls of poison
 j - a scroll of torment
 l - 3 scrolls of vulnerability
 o - 2 scrolls of fog
 q - 3 scrolls of revelation
 y - a scroll of silence
 A - 3 scrolls of noise
 H - 2 scrolls of fear
 J - 2 scrolls of summoning
 W - a scroll of immolation
 X - a scroll of enchant armour
Potions
 d - 4 potions of resistance
 e - 11 potions of curing
 f - 2 potions of invisibility
 m - 2 potions of might
 s - 2 potions of cancellation {unknown}
 t - 4 potions of heal wounds
 x - 2 potions of enlightenment {unknown}
 z - 3 potions of mutation
 B - 5 potions of brilliance
 D - a potion of berserk rage
 K - 2 potions of haste
 O - 2 potions of lignification
Miscellaneous
 I - a phial of floods
   (You found it on level 15 of the Dungeon)

Dungeon Overview and Level Annotations

Branches:
Dungeon (15/15) Zot: 25273  Temple (1/1) D:5 Zot: 5839    Lair (5/5) D:9 Zot: 22728
  Swamp (0/4) Lair:2        Snake (2/4) Lair:2 Zot: 9292   Slime (1/5) Lair:4 Zot: 5998
    Orc (2/2) D:9 Zot: 10068     Elf (0/3) Orc:2        Vaults (0/5) D:14
 Depths (0/4) D:15          IceCv (visited)

Altars:
Ashenzari
Cheibriados
Dithmenos
Fedhas
Gozag
Hepliaklqana
Kikubaaqudgha
Makhleb
Nemelex Xobeh
Okawaru
Qazlal
Ru
Sif Muna
Trog
Uskayaw
Vehumet
Wu Jian
Xom
Yredelemnul
Jiyva

Shops:
D:3 (   D:12 (   D:14 :   Orc:2 =([?[   Snake:2 !*

Annotations:
D:5 2 transporters, Esekla's ghost, weakling OpDe
D:10 3 runed translucent doors
D:11 1 runed translucent door, Lightli's ghost, journeyman DrBr

######..#.................##..##
###........................#####.
........#############............
######### ###########.) #
################ ##) ..#
..^............####.
....####N.S..............
≈≈.....○N.).[..).......[.
.≈≈..SXN@SS.............)
..~).XXN○....÷..........)
.≈≈○.)XXS...)............
≈≈.......################
....###### # ..# ##### ## ######
########....
.########....#########..#........
........................)........


You could see 2 nagarajas, a naga warrior (curare, ally target), 2 guardian
serpents, a friendly tentacled monstrosity (summoned), a friendly salamander
(summoned), a friendly anaconda (summoned), a friendly shock serpent (summoned),
4 friendly large abominations and a friendly black mamba (summoned).


Message History

The naga mage points at the naga warrior and mumbles some strange words.
The naga warrior's venom grows more potent.
The nagaraja hits your large abomination with a +0 flail!!
Your large abomination is destroyed!
Your large abomination disappears in a puff of smoke!
Your five-headed hydra is engulfed in blazing flames. 😕 HP[-4]
You take 4 damage, and now have 97/122 hp.
You feel very sick.
Your five-headed hydra is engulfed in blazing flames.
Your five-headed hydra barely misses the naga mage.
Your five-headed hydra bites the naga mage.
Your five-headed hydra closely misses the naga mage.
Your five-headed hydra bites the naga mage!
Your five-headed hydra bites the naga mage but does no damage.
Unknown command. 😕 HP[-3] MP[+1]
You take 3 damage, and now have 94/122 hp.
You feel sick.
The naga mage no longer looks unusually strong.
The naga mage is engulfed in blazing flames.
The naga mage barely misses your five-headed hydra.
The guardian serpent hits your large abomination but does no damage.
The nagaraja gestures at you while chanting.
The poison arrow misses you.
The naga mage is engulfed in blazing flames.
The naga mage spits poison at you.
The splash of poison hits your five-headed hydra.
Your large abomination is engulfed in blazing flames.
Your large abomination hits the naga mage.
Your tentacled monstrosity is engulfed in blazing flames. 😕 HP[-1]
You take 1 damage, and now have 93/122 hp.
You feel sick.
The guardian serpent coils itself and waves its upper body at you.
The naga warrior blinks!
The naga mage blinks!
The nagaraja blinks!
The guardian serpent blinks!
Your large abomination barely misses the nagaraja.
Your large abomination is engulfed in blazing flames. 😮 HP[-2] MP[+1]
You take 2 damage, and now have 91/122 hp.
You feel sick.
Your five-headed hydra disappears in a puff of smoke!
The nagaraja no longer looks unusually strong.
The naga warrior closely misses you. The nagaraja spits poison at you.
The splash of poison misses you.
The guardian serpent casts a spell at you.
You feel yourself slow down. The naga mage hits you with a +0 flail!
The nagaraja hits you with a +0 flail!
Your large abomination hits the nagaraja.
Your tentacled monstrosity is engulfed in blazing flames.
Your large abomination hits the nagaraja!!
Your large abomination is engulfed in blazing flames.
Your large abomination hits the naga mage! 😮 HP[-19] MP[+1]
You take 19 damage, and now have 72/122 hp.
You feel sick. The nagaraja hits you with a +0 flail!!
* * * LOW HITPOINT WARNING * * *
The guardian serpent completely misses you.
The naga mage is engulfed in blazing flames.
You kill the naga mage!
Sif Muna accepts your kill.
The naga warrior is engulfed in blazing flames.
The naga warrior hits you with a +0 long sword.
* * * LOW HITPOINT WARNING * * *
The nagaraja is engulfed in blazing flames.
The nagaraja is struck by your spines. The nagaraja hits you with a +0 spear!!
* * * LOW HITPOINT WARNING * * *
The guardian serpent completely misses your large abomination.
The guardian serpent misses you. The nagaraja is struck by your spines.
The nagaraja completely misses you.
Your large abomination hits the nagaraja!
Your large abomination is engulfed in blazing flames.
Your large abomination hits the nagaraja.
Your large abomination closely misses the guardian serpent.
Your large abomination is engulfed in blazing flames.
Your large abomination misses the naga warrior.
The naga warrior is engulfed in blazing flames.
The naga warrior hits you with a +0 long sword.
* * * LOW HITPOINT WARNING * * *
The nagaraja is engulfed in blazing flames.
The nagaraja is struck by your spines.
The nagaraja hits you but does no damage.
The guardian serpent hits your large abomination but does no damage. 😱 HP[-46] MP[+1]
You take 46 damage, and now have 26/122 hp.
MASSIVE DAMAGE!! (PAUSE) Unknown command.
Unknown command.
As you read the scroll of summoning, it crumbles to dust.
Wisps of shadow whirl around you...
You feel sick.
The naga warrior no longer looks unusually strong.
The nagaraja is struck by your spines. The nagaraja hits you with a +0 flail!
* * * LOW HITPOINT WARNING * * *
The guardian serpent misses you.
The guardian serpent casts a spell at you.
Your large abomination resists with almost no effort.
The nagaraja hits you with a +0 flail!!
You die...

Skill      XL: |  1  2  3  4  5  6  7  8  9 10 11 12 13 14 15 16 |
---------------+-------------------------------------------------+-----
Dodging        | 2 3 4 5 7 8 9 10 11 12 | 12.0
Spellcasting   | 3 4 5 7 8 9 11 12 13 14 | 14.7
Summonings     | 5 6 9 11 12 13 14 15 16 17 18 | 18.4
Fire Magic     | 2 4 |  4.0
Air Magic      | 2 4 |  4.0
Fighting       | 1 5 8 10 | 10.0
Invocations    | 1 6 9 |  9.0
Hexes          | 2 4 |  4.0
Necromancy     | 1 4 |  4.0
Stealth        | |  1.9

Action                     |  1- 3 |  4- 6 |  7- 9 | 10-12 | 13-15 | 16-18 || total
---------------------------+-------+-------+-------+-------+-------+-------++-------
  Melee: Unarmed           |    27 |    42 |    27 |    85 |   103 |       ||   284
         Punch             |     1 |     2 |     4 |     2 |     3 |       ||    12
         Tailslap          |       |       |     8 |    16 |    33 |     5 ||    62
         Rapier            |       |       |       |       |    15 |    17 ||    32
   Cast: Summon Small Mamm |    35 |    21 |    20 |    26 |       |       ||   102
         Call Imp          |    13 |    13 |    15 |    19 |       |       ||    60
         Call Canine Famil |     2 |    18 |    53 |    91 |    17 |       ||   181
         Summon Blazeheart |       |       |     7 |    17 |     5 |       ||    29
         Summon Lightning  |       |       |    17 |    56 |    15 |       ||    88
         Summon Cactus Gia |       |       |       |    10 |   124 |     3 ||   137
         Monstrous Menager |       |       |       |     7 |   139 |     7 ||   153
         Summon Mana Viper |       |       |       |     2 |    34 |     3 ||    39
         Summon Hydra      |       |       |       |       |    25 |     2 ||    27
         Summon Horrible T |       |       |       |       |    11 |    27 ||    38
         Anguish           |       |       |       |       |     3 |       ||     3
         Dragon's Call     |       |       |       |       |       |     1 ||     1
 Invoke: Forget Spell      |       |       |       |     2 |     1 |       ||     3
         Divine Exegesis   |       |       |       |       |       |     1 ||     1
    Use: Scroll            |       |     5 |     4 |     7 |    15 |     1 ||    32
         Potion            |       |       |       |     2 |     5 |     3 ||    10
   Stab: Sleeping          |       |       |     1 |       |       |       ||     1
         Distracted        |       |       |       |     1 |     8 |     1 ||    10
 Armour: Robe              |    37 |       |       |       |       |       ||    37
         Leather armour    |     8 |    56 |    87 |   178 |   212 |    43 ||   584
  Dodge: Dodged            |    51 |    45 |    82 |   209 |   253 |    53 ||   693
  Block: Other             |       |       |       |       |       |     7 ||     7

Levels and vault maps discovered:
D:1:      heliophobic_arrival_henge, layout_basic,
          chequers_serial_rivers_small_b
D:2:      layout_rooms, nicolae_half_adder
D:3:      layout_basic, dreamdust_ecumenical_altar_angels_and_demons,
          serial_shops, nicolae_shop_back_alley_shop
D:4:      layout_basic, lemuel_round_altar, minmay_increasing_density
D:5:      layout_basic, mainiacjoe_overflow_catwalk,
          minmay_temple_entry_proselytizer, gammafunk_ghost_arena,
          uniq_blork_the_orc, uniq_menkaure
D:6:      layout_loops_ring, grunt_potential
D:7:      layout_rooms
D:8:      layout_loops_ring, kiku_gazebo_garden_becter,
          mainiacjoe_overflow_large_starburst, serial_bayou_lake_a
D:9:      layout_irregular_city, minmay_lair_entry_grove, david_orc_2,
          minmay_fractal_squares_diagonal_5
D:10:     wad_woods_structure_01, layout_basic, corexii_checkpoint,
          nicolae_guarded_unrand_storm_shield
D:11:     lemuel_castle_with_subvaults [lemuel_castle_interior_carwin_3],
          layout_stronghold, ebering_ghost_inner_flame, grunt_ministairs_13
D:12:     layout_layer_cave, serial_shops, shop, nicolae_benzene_ring
D:13:     layout_cave_pools
D:14:     layout_basic, david_vaults_4, serial_shops, nicolae_shop_crystal,
          chequers_serial_rivers_room_b, minmay_gold_behind_fungi,
          nicolae_qazlal_style_of_elements
D:15:     grunt_enter_depths_snipers, layout_rooms
Temple:   minmay_temple_bridge_d
Lair:1:   layout_gridlike, chequers_serial_rivers_large_a, lemuel_old_faithful,
          grunt_megastairs_3
Lair:2:   layout_loops_ring, minmay_swamp_entry_swarm,
          guppyfry_snake_entry_garden, portal_ice_cave_entry_pillars_2,
          st_stairs_10, serial_bayou_shore_a, infiniplex_staircase_pool_2
Lair:3:   layout_chaotic_city
Lair:4:   layout_cave_pods, nicolae_slime_entry_field_trip
Lair:5:   gammafunk_lair_ancient_temple, layout_gridlike, grunt_megastairs_2,
          lemuel_fruit_fields
Snake:1:  layout_gridlike, st_stairs_5, lemuel_fruit_tree
Snake:2:  nicolae_cobra_stairs, layout_grid_shapes, serial_shops,
          nicolae_shop_tiny_real_fake_doors, nicolae_shop_behind_doors,
          nicolae_elevator_lobby_asterisk, uniq_vashnia
Slime:1:  cheibrodos_slime_lost_civilization_9, layout_caves,
          cheibrodos_slime_lost_civilization_4
Orc:1:    layout_caves
Orc:2:    st_orc_mages, layout_caves, serial_shops, nicolae_shop_stone,
          uniq_azrael

Notes
Turn   | Place    | Note
-------+----------+-------------------------------------------
     0 | D:1      | ytrimaz the Demonspawn Summoner began the quest for the
                  | Orb.
     0 | D:1      | Reached XP level 1. HP: 13/13 MP: 3/3
     0 | D:1      | magus.rc [v1.9.6]
   210 | D:1      | Reached skill level 2 in Dodging
   213 | D:1      | Gained mutation: Your demonic aura sometimes causes spilled
                  | blood to erupt in flames. [demonic ancestry]
   213 | D:1      | Reached XP level 2. HP: 11/19 MP: 1/5
   320 | D:1      | Learned a level 2 spell: Call Imp
   951 | D:1      | Gained mutation: Your demonic aura often causes spilled
                  | blood to erupt in flames. [demonic ancestry]
   951 | D:1      | Reached XP level 3. HP: 24/24 MP: 3/6
  1405 | D:2      | Identified the +3 leather armour of Tartarus {^Contam rElec
                  | rC- Int+8}
  1592 | D:2      | Learned a level 3 spell: Call Canine Familiar
  1906 | D:2      | Reached XP level 4. HP: 28/30 MP: 5/8
  2107 | D:3      | You pick up a book of Minor Magic and begin reading...
  2107 | D:3      | You add the spells Magic Dart and Blink to your library.
  2231 | D:3      | Reached skill level 3 in Spellcasting
  2711 | D:3      | Found a faded altar of an unknown god.
  2830 | D:3      | Found Epanel's Weapon Shoppe.
  3053 | D:3      | You pick up a book of Burglary and begin reading...
  3053 | D:3      | You add the spells Ensorcelled Hibernation, Swiftness and
                  | Passwall to your library.
  3277 | D:4      | Noticed an ogre
  3287 | D:4      | Reached skill level 3 in Dodging
  3291 | D:4      | Killed an ogre
  3292 | D:4      | Reached skill level 5 in Summonings
  3292 | D:4      | Gained mutation: You are partially covered in sharp spines.
                  | [demonic ancestry]
  3292 | D:4      | Reached XP level 5. HP: 35/35 MP: 3/10
  3587 | D:4      | Found a hazy altar of Hepliaklqana.
  3588 | D:4      | Noticed an ogre
  3595 | D:4      | Killed an ogre
  3596 | D:4      | Reached XP level 6. HP: 41/41 MP: 3/11
  3659 | D:4      | Identified the -1 helmet "Needo Xit" {rC+ SInv}
  3886 | D:4      | Reached skill level 4 in Dodging
  3886 | D:4      | Reached skill level 4 in Spellcasting
  4148 | D:4      | Gained mutation: You are surrounded by a mild repulsion
                  | field. (EV +2) [demonic ancestry]
  4148 | D:4      | Reached XP level 7. HP: 46/46 MP: 8/13
  4311 | D:5      | Entered Level 5 of the Dungeon
  4311 | D:5      | Found a staircase to the Ecumenical Temple.
  4470 | Temple   | Entered the Ecumenical Temple
  4556 | Temple   | Became a worshipper of Sif Muna the Loreminder
  4675 | D:5      | Noticed Menkaure
  4682 | D:5      | Killed Menkaure
  4683 | D:5      | Reached skill level 6 in Summonings
  4689 | D:5      | Learned a level 4 spell: Summon Blazeheart Golem
  4753 | D:5      | Found an iron altar of Okawaru.
  4878 | D:5      | Found a transporter.
  4906 | D:5      | Noticed Esekla's ghost (weakling OpDe)
  4953 | D:5      | Found a transporter.
  5046 | D:5      | Noticed Blork the orc
  5052 | D:5      | Killed Blork the orc
  5053 | D:5      | Reached skill level 1 in Fire Magic
  5511 | D:6      | Reached skill level 2 in Fire Magic
  5637 | D:6      | You pick up a book of Displacement and begin reading...
  5637 | D:6      | You add the spells Lesser Beckoning, Gell's Gravitas and
                  | Teleport Other to your library.
  5658 | D:6      | Gained mutation: Your demonic aura causes all spilled blood
                  | to erupt in flames. [demonic ancestry]
  5658 | D:6      | Reached XP level 8. HP: 52/52 MP: 9/15
  5799 | D:6      | Reached skill level 7 in Summonings
  5939 | D:6      | Noticed a red ugly thing
  5961 | D:6      | Reached skill level 3 in Fire Magic
  6264 | D:6      | Learned a level 4 spell: Summon Lightning Spire
  6308 | D:6      | Reached skill level 4 in Fire Magic
  6308 | D:6      | Killed a red ugly thing
  6309 | D:6      | Reached skill level 9 in Summonings
  6330 | D:6      | Reached * piety under Sif Muna
  6560 | D:7      | Gained mutation: You have a small tail. [demonic ancestry]
  6560 | D:7      | Reached XP level 9. HP: 57/57 MP: 3/16
  6796 | D:7      | Reached skill level 10 in Summonings
  7225 | D:7      | Reached ** piety under Sif Muna
  8100 | D:8      | Reached skill level 5 in Spellcasting
  8100 | D:8      | Reached skill level 1 in Air Magic
  8194 | D:8      | Reached skill level 5 in Dodging
  8264 | D:8      | Found a sacrificial altar of Ru.
  8292 | D:8      | Reached skill level 11 in Summonings
  8292 | D:8      | Reached skill level 2 in Air Magic
  8698 | D:8      | Found an ancient bone altar of Kikubaaqudgha.
  9005 | D:9      | Reached *** piety under Sif Muna
  9120 | D:9      | Found a staircase to the Orcish Mines.
  9168 | D:9      | Gained mutation: You are surrounded by a moderate repulsion
                  | field. (EV +3) [demonic ancestry]
  9168 | D:9      | Reached XP level 10. HP: 63/63 MP: 15/18
  9220 | D:9      | Noticed a two-headed ogre
  9235 | D:9      | Reached skill level 3 in Air Magic
  9239 | D:9      | Killed a two-headed ogre
  9290 | D:9      | Reached skill level 6 in Dodging
  9290 | D:9      | Reached skill level 6 in Spellcasting
  9726 | D:9      | Reached skill level 4 in Air Magic
  9748 | D:9      | Found a staircase to the Lair.
 10305 | D:9      | Reached skill level 7 in Dodging
 10305 | D:9      | Reached skill level 7 in Spellcasting
 10305 | D:9      | Reached skill level 12 in Summonings
 10373 | D:10     | Entered Level 10 of the Dungeon
 10563 | D:10     | Found a runed translucent door.
 10563 | D:10     | Noticed a deep elf zephyrmancer
 10564 | D:10     | Noticed a spark wasp
 10565 | D:10     | Noticed a spark wasp
 10565 | D:10     | Noticed a spark wasp
 10565 | D:10     | Noticed a shock serpent
 10565 | D:10     | Noticed a spark wasp
 10566 | D:10     | Found a runed translucent door.
 10566 | D:10     | Found a runed translucent door.
 10566 | D:10     | Noticed a shock serpent
 10566 | D:10     | Found the +5 Storm Queen's Shield {shock, Fly rElec}
 10566 | D:10     | Noticed a storm dragon
 11009 | Lair:1   | Entered Level 1 of the Lair of Beasts
 11072 | D:10     | Reached skill level 1 in Fighting
 11158 | D:10     | Reached **** piety under Sif Muna
 11318 | D:10     | Noticed a two-headed ogre
 11323 | D:10     | Killed a two-headed ogre
 11324 | D:10     | Reached skill level 1 in Invocations
 11324 | D:10     | Reached XP level 11. HP: 70/70 MP: 9/21
 11765 | D:10     | Reached skill level 2 in Invocations
 11937 | D:10     | Noticed a two-headed ogre
 11954 | D:10     | Killed a two-headed ogre
 11955 | D:10     | Reached skill level 3 in Invocations
 12401 | D:10     | Found a runed translucent door.
 13009 | D:11     | Noticed a four-headed hydra
 13017 | D:11     | Killed a four-headed hydra
 13018 | D:11     | Reached skill level 4 in Invocations
 13182 | D:11     | Reached skill level 8 in Dodging
 13271 | D:11     | Reached skill level 8 in Spellcasting
 13282 | D:11     | Reached skill level 5 in Invocations
 13479 | D:11     | Found a runed translucent door.
 13491 | D:11     | Noticed Lightli's ghost (journeyman DrBr)
 13857 | D:11     | Noticed a two-headed ogre
 13871 | D:11     | Killed a two-headed ogre
 13925 | D:11     | Noticed an orc knight
 13932 | D:11     | Killed an orc knight
 13932 | D:11     | Reached ***** piety under Sif Muna
 13933 | D:11     | Reached skill level 13 in Summonings
 13933 | D:11     | Reached skill level 6 in Invocations
 14083 | D:11     | Reached XP level 12. HP: 54/76 MP: 10/24
 14347 | D:11     | Reached skill level 7 in Invocations
 14354 | D:11     | Noticed a two-headed ogre
 14370 | D:11     | Killed a two-headed ogre
 14750 | D:11     | Reached skill level 9 in Dodging
 15091 | D:11     | Reached skill level 9 in Spellcasting
 15323 | D:11     | HP: 19/76 [manticore (5)]
 15622 | D:12     | Reached skill level 8 in Invocations
 15744 | D:12     | Noticed a boulder beetle
 15816 | D:12     | Killed a boulder beetle
 15932 | D:12     | Received a gift from Sif Muna
 15941 | D:12     | You add the spells Inner Flame, Summon Mana Viper, Summon
                  | Cactus Giant and Monstrous Menagerie to your library.
 15941 | D:12     | Got Sif Muna's Lectures on Calling and Spellbinding {god
                  | gift}
 15949 | D:12     | Learned a level 6 spell: Summon Cactus Giant
 15958 | D:12     | Learned a level 7 spell: Monstrous Menagerie
 15965 | D:12     | Learned a level 5 spell: Summon Mana Viper
 16280 | D:12     | HP: 12/76 [large slime creature (33)]
 16544 | D:12     | Reached skill level 9 in Invocations
 16627 | D:12     | Found Soelluth's Weapon Emporium.
 16676 | D:12     | Reached skill level 1 in Hexes
 16801 | D:12     | You pick up a book of the Tundra and begin reading...
 16801 | D:12     | You add the spells Hailstorm, Summon Ice Beast and Sculpt
                  | Simulacrum to your library.
 17385 | D:13     | Noticed a boulder beetle
 17391 | D:13     | Noticed a two-headed ogre
 17401 | D:13     | Killed a two-headed ogre
 17402 | D:13     | Reached skill level 2 in Hexes
 17402 | D:13     | Killed a boulder beetle
 17405 | D:13     | Reached skill level 14 in Summonings
 17539 | D:13     | Reached XP level 13. HP: 81/81 MP: 6/26
 17766 | D:13     | Reached skill level 10 in Dodging
 17772 | D:13     | Reached skill level 10 in Spellcasting
 17772 | D:13     | Reached skill level 3 in Hexes
 18688 | D:14     | Reached skill level 2 in Fighting
 18688 | D:14     | Reached skill level 4 in Hexes
 18925 | D:14     | Noticed a fire dragon
 18940 | D:14     | Killed a fire dragon
 18941 | D:14     | Reached skill level 3 in Fighting
 19081 | D:14     | Found a gate to the Vaults.
 19197 | D:14     | Found a stormy altar of Qazlal.
 19248 | D:14     | Found Senoh's Book Shop.
 20099 | D:15     | Entered Level 15 of the Dungeon
 20114 | D:15     | Reached skill level 4 in Fighting
 20286 | D:15     | Reached skill level 11 in Spellcasting
 20288 | D:15     | Reached skill level 5 in Fighting
 20289 | D:15     | Reached skill level 15 in Summonings
 20466 | D:15     | Gained mutation: You are mostly covered in sharp spines.
                  | [demonic ancestry]
 20466 | D:15     | Reached XP level 14. HP: 94/99 MP: 17/29
 20640 | D:15     | Identified the +6 falchion "Tulinij" {heavy, Dex+4 Stlth-}
 20671 | D:15     | Reached skill level 6 in Fighting
 20730 | D:15     | Identified the orb "Yngaclat" {light, rElec}
 21115 | D:15     | Found a staircase to the Depths.
 21115 | D:15     | Noticed a stone giant
 21126 | D:15     | Killed a stone giant
 21758 | Lair:1   | You fall into a shaft and drop 1 floor!
 21802 | Lair:2   | Received a gift from Sif Muna
 21806 | Lair:2   | You add the spells Sting, Momentum Strike, Mephitic Cloud,
                  | Conjure Ball Lightning, Starburst, Orb of Destruction and
                  | Spellforged Servitor to your library.
 21806 | Lair:2   | Got Sif Muna's Compilation of Striking {god gift}
 22014 | Lair:2   | Found a frozen archway.
 22017 | Lair:2   | Reached skill level 7 in Fighting
 22028 | IceCv    | Entered an ice cave
 22698 | IceCv    | Reached skill level 12 in Spellcasting
 23333 | IceCv    | Noticed a reaper
 23405 | IceCv    | Killed a reaper
 23463 | IceCv    | You pick up a book of Flames and begin reading...
 23463 | IceCv    | You add the spells Sticky Flame and Flame Wave to your
                  | library.
 23671 | Lair:2   | Found a staircase to the Swamp.
 23989 | Lair:2   | Found a staircase to the Snake Pit.
 24175 | Lair:2   | Reached skill level 16 in Summonings
 24701 | Lair:2   | Reached skill level 8 in Fighting
 26271 | Lair:4   | Found a viscous altar of Jiyva.
 26271 | Lair:4   | Found a staircase to the Slime Pits.
 26775 | Lair:4   | You pick up a book of Hexes and begin reading...
 26775 | Lair:4   | You add the spells Anguish, Cause Fear and Enfeeble to your
                  | library.
 26846 | Lair:5   | Entered Level 5 of the Lair of Beasts
 26937 | Lair:4   | You pick up a book of Scorching and begin reading...
 27083 | Lair:4   | Learned a level 4 spell: Anguish
 27322 | Slime:1  | Entered Level 1 of the Pits of Slime
 27322 | Slime:1  | Noticed a rockslime
 27551 | Lair:5   | Reached skill level 1 in Necromancy
 27634 | Lair:5   | Gained mutation: You have a tail ending in a sharp stinger.
                  | [demonic ancestry]
 27634 | Lair:5   | Reached XP level 15. HP: 112/112 MP: 10/31
 27766 | Lair:5   | Reached skill level 13 in Spellcasting
 27766 | Lair:5   | Reached skill level 2 in Necromancy
 27848 | Lair:5   | Reached skill level 9 in Fighting
 28110 | Lair:5   | Reached skill level 3 in Necromancy
 28446 | Lair:5   | Received a gift from Sif Muna
 28447 | Lair:5   | You add the spells Slow, Dazzling Flash, Dimensional
                  | Bullseye, Yara's Violent Unravelling and Silence to your
                  | library.
 28447 | Lair:5   | Got Sif Muna's Handbook of the Fairies {god gift}
 28579 | Lair:5   | Reached skill level 4 in Necromancy
 28651 | Lair:5   | Identified the +5 rapier "Detyjit" {pain, rF+ Dex+7}
 29485 | Lair:1   | You add the spells Tukima's Dance and Metabolic
                  | Englaciation to your library.
 29485 | Lair:1   | Got the Verses on Enchantment
 29648 | Lair:1   | You pick up a book of Blood and begin reading...
 29648 | Lair:1   | You add the spells Sublimation of Blood and Summon Hydra to
                  | your library.
 29657 | Lair:1   | Learned a level 7 spell: Summon Hydra
 29910 | Orc:1    | Entered Level 1 of the Orcish Mines
 30021 | Orc:2    | Entered Level 2 of the Orcish Mines
 30021 | Orc:2    | Noticed Azrael
 30032 | Orc:2    | Killed Azrael
 30082 | Orc:2    | Found Wirphiashry's Jewellery Shop.
 30135 | Orc:2    | Found a staircase to the Elven Halls.
 30171 | Orc:2    | Reached skill level 10 in Fighting
 30338 | Orc:2    | Reached skill level 11 in Dodging
 30338 | Orc:2    | Reached skill level 17 in Summonings
 30732 | Orc:2    | Reached ****** piety under Sif Muna
 30800 | Orc:2    | Found Danu's Armour Shop.
 30800 | Orc:2    | Found Origol's Weapon Shop.
 30801 | Orc:2    | Found Tyzem's Magic Scroll Boutique.
 30805 | Orc:2    | Found Qevi Ycle's Armour Boutique.
 30842 | Orc:2    | Bought a scroll of acquirement for 728 gold pieces
 30979 | Orc:2    | Acquired ytrimaz's Vellum of Spawned Accelerants
 30980 | Orc:2    | You add the spells Foxfire, Ignite Poison, Ignition, Summon
                  | Horrible Things and Dragon's Call to your library.
 30992 | Orc:2    | Learned a level 8 spell: Summon Horrible Things
 31014 | Orc:1    | Received a gift from Sif Muna
 31039 | Orc:1    | You add the spells Martyr's Knell, Animate Armour, Summon
                  | Forest, Haunt and Malign Gateway to your library.
 31039 | Orc:1    | Got Ajup's Tome of Convocation {god gift}
 31686 | D:10     | HP: 25/115 [spark wasp (5)]
 31693 | D:10     | HP: 19/115 [storm dragon/bolt of lightning (14)]
 31697 | D:10     | Killed a storm dragon
 31708 | D:10     | HP: 25/115 [shock serpent/bolt of electricity (5)]
 31708 | D:10     | HP: 11/115 [shock serpent (12)]
 32058 | Snake:1  | Entered Level 1 of the Snake Pit
 32169 | Snake:1  | Gained mutation: You have a sharp stinger which inflicts
                  | weakening toxins. [demonic ancestry]
 32169 | Snake:1  | Reached XP level 16. HP: 116/122 MP: 18/33
 33034 | Snake:1  | You pick up a book of Weapons and begin reading...
 33094 | Snake:1  | Learned a level 9 spell: Dragon's Call
 33131 | Snake:1  | Reached skill level 12 in Dodging
 33494 | Snake:2  | Reached skill level 14 in Spellcasting
 33511 | Snake:2  | Noticed Vashnia
 33523 | Snake:2  | Killed Vashnia
 33524 | Snake:2  | Reached skill level 18 in Summonings
 34119 | Orc:2    | Bought the +0 leather armour of Cedy {rPois rC+} for 202
                  | gold pieces
 34128 | Orc:2    | Gained mutation: You are clumsy. (Dex -2) [mutagenic glow]
 34192 | Orc:2    | Lost mutation: You are clumsy. (Dex -2) [potion of
                  | mutation]
 34192 | Orc:2    | Gained mutation: You are agile. (Dex +4, Str/Int -1)
                  | [potion of mutation]
 34192 | Orc:2    | Gained mutation: You are partially covered in large bone
                  | plates. (SH +4) [potion of mutation]
 34192 | Orc:2    | Gained mutation: You occasionally lose the ability to read
                  | scrolls when taking damage. [potion of mutation]
 34193 | Orc:2    | Lost mutation: You are agile. (Dex +4, Str/Int -1) [potion
                  | of mutation]
 34193 | Orc:2    | Lost mutation: You occasionally lose the ability to read
                  | scrolls when taking damage. [potion of mutation]
 34193 | Orc:2    | Gained mutation: You have a beak for a mouth. [potion of
                  | mutation]
 34193 | Orc:2    | Gained mutation: You are dopey. (Int -2) [potion of
                  | mutation]
 34193 | Orc:2    | Gained mutation: You are somewhat resistant to further
                  | mutation. [potion of mutation]
 34194 | Orc:2    | Lost mutation: You have a beak for a mouth. [potion of
                  | mutation]
 34194 | Orc:2    | Lost mutation: You are dopey. (Int -2) [potion of mutation]
 34194 | Orc:2    | Lost mutation: You are somewhat resistant to further
                  | mutation. [potion of mutation]
 34194 | Orc:2    | Gained mutation: You have sharp toenails. [potion of
                  | mutation]
 34194 | Orc:2    | Gained mutation: Your flesh is heat resistant. (rF+)
                  | [potion of mutation]
 34194 | Orc:2    | Gained mutation: Your mind is acute. (Int +4, Str/Dex -1)
                  | [potion of mutation]
 34194 | Orc:2    | Gained mutation: You have razor-sharp toenails. [potion of
                  | mutation]
 34595 | Snake:2  | Found Ixifukle's Distillery.
 34598 | Snake:2  | Bought a potion of lignification for 51 gold pieces
 34598 | Snake:2  | Bought a potion of resistance for 170 gold pieces
 34598 | Snake:2  | Bought a potion of mutation for 136 gold pieces
 34598 | Snake:2  | Bought a potion of mutation for 136 gold pieces
 34726 | Snake:2  | Found Urghuowku's General Store.
 34827 | Snake:2  | You pick up a book of Power and begin reading...
 34827 | Snake:2  | You add the spells Iskenderun's Battlesphere and Bombard to
                  | your library.
 34928 | Snake:2  | HP: 30/122 [naga sharpshooter/bolt (14)]
 35253 | Snake:2  | HP: 29/122 [nagaraja/+0 spear (20)]
 35254 | Snake:2  | HP: 14/122 [nagaraja/+0 flail (11)]
 35254 | Snake:2  | Demolished by a nagaraja

Vanquished Creatures
  Vashnia (Snake:2)
  2 hydras
  An ogre mage (D:15)
  A boulder beetle (Lair:4)
  4 two-headed ogres
  2 anacondas (Snake:1)
  2 tengu warriors (D:15)
  2 naga warriors (Snake:2)
  2 orc high priests (Orc:2)
  3 naga sharpshooters
  A skyshark (Lair:5)
  A skeletal warrior (D:13)
  2 mana vipers
  A naga ritualist (Snake:2)
  An orc knight (D:11)
  5 ugly things
  2 manticores (Lair:5)
  2 cyclopes
  8 elephants
  A kobold blastminer (Orc:1)
  A torpor snail (Lair:2)
  4 cane toads
  3 naga magi (Snake:2)
  10 black mambas
  An unseen horror (D:12)
  A kobold demonologist (D:11)
  2 komodo dragons
  An ice devil (IceCv)
  A tengu conjurer (D:10)
  4 trolls
  2 polar bears (Lair:5)
  7 blink frogs (Lair:5)
  A vampire (D:12)
  A shadow (D:9)
  A dire elephant simulacrum (IceCv)
  2 wyverns (D:9)
  A wraith (D:10)
  2 wargs (D:11)
  14 yaks
  A steam dragon (Lair:5)
  A basilisk (D:9)
  A harpy simulacrum (IceCv)
  3 vampire mosquitoes
  3 nagas
  2 acid dragons
  5 water moccasins
  10 orc warriors
  A black bear (shapeshifter) (D:14)
  A black bear (Lair:1)
  2 ogres
  4 centaurs
  5 kobold brigands
  Blork the orc (D:5)
  4 bullfrogs
  A gnoll sergeant (D:11)
  A two-headed ogre simulacrum (IceCv)
  3 killer bees (D:8)
  7 nameless horrors
  3 howler monkeys (D:11)
  A hound (D:7)
  3 gnoll boudas
  11 orc priests
  A sleepcap (D:5)
  18 orc wizards
  2 iguanas
  A wolf simulacrum (IceCv)
  A gnoll (D:10)
  10 adders
  2 shadow imps
  A white imp (D:8)
  16 orcs
  2 ball pythons
  A giant cockroach (D:3)
  5 kobolds
237 creatures vanquished.

Vanquished Creatures (collateral kills)
  A storm dragon (D:10)
  A nagaraja (Snake:1)
  A stone giant (D:15)
  A reaper (IceCv)
  Azrael (Orc:2)
  4 spark wasps (D:10)
  An ettin (Orc:1)
  A fire dragon (D:14)
  3 hydras
  A centaur warrior (D:14)
  A death knight (D:13)
  A merfolk avatar (Lair:5)
  5 boulder beetles
  2 anacondas (Snake:2)
  10 two-headed ogres
  2 tengu warriors (D:15)
  8 naga warriors
  2 shock serpents (D:10)
  2 orc high priests (Orc:2)
  6 naga sharpshooters
  5 skysharks (Lair:5)
  2 skeletal warriors (D:13)
  2 nameless horrors
  A sea snake (Lair:5)
  An arcanist (D:15)
  2 mana vipers (Snake:1)
  2 naga ritualists
  An orc knight (Orc:2)
  A deep elf zephyrmancer (D:10)
  10 ugly things
  3 orc sorcerers (Orc:2)
  2 salamanders
  2 cyclopes
  8 elephants
  5 manticores
  A kobold blastminer (Orc:2)
  17 slime creatures
  4 naga magi
  14 black mambas
  An ice statue (IceCv)
  2 torpor snails (Lair:2)
  A gargoyle (D:11)
  2 guardian serpents
  13 cane toads
  An unseen horror (D:11)
  2 efreet
  A freezing wraith (D:14)
  A kobold demonologist (D:11)
  4 komodo dragons
  An ice devil (IceCv)
  An anaconda simulacrum (IceCv)
  4 trolls (D:11)
  3 polar bears
  3 hornets
  4 dream sheep (Lair:2)
  16 blink frogs
  A raiju (shapeshifter) (D:13)
  A slime creature (shapeshifter) (D:14)
  A centaur simulacrum (D:14)
  3 wraiths
  38 yaks
  A vampire (D:13)
  4 wyverns
  3 basilisks
  5 steam dragons
  A fire elemental (Orc:2)
  3 death yak simulacra (IceCv)
  9 vampire mosquitoes
  9 wargs
  A harpy simulacrum (IceCv)
  Menkaure (D:5)
  14 nagas
  8 water moccasins
  A hydra simulacrum (IceCv)
  3 hell hounds (Orc:2)
  14 orc warriors
  A sky beast (D:7)
  An ice beast (D:8)
  6 ogres
  3 centaurs
  A phantom (D:6)
  8 bullfrogs
  6 kobold brigands
  5 scorpions
  4 two-headed ogre simulacra (IceCv)
  6 gnoll sergeants (D:11)
  A cane toad simulacrum (IceCv)
  4 wights (D:10)
  10 killer bees
  12 electric eels
  An elephant simulacrum (IceCv)
  2 howler monkeys (D:11)
  A bombardier beetle (D:5)
  27 orc priests
  3 gnoll boudas
  7 jellies
  2 sleepcaps
  An iguana (D:5)
  21 orc wizards
  3 spriggan simulacra (IceCv)
  2 polar bear simulacra (IceCv)
  9 troll simulacra (IceCv)
  2 wolf simulacra (IceCv)
  4 adders
  5 gnolls
  3 naga simulacra (IceCv)
  A shadow imp (D:5)
  9 white imps
  5 ufetubi (IceCv)
  4 dart slugs
  63 orcs
  5 ball pythons
  3 bats
  4 endoplasms
  A giant cockroach (D:1)
  2 goblins (D:2)
  5 hobgoblins
  6 jackals (D:1)
  A quokka (D:1)
  3 frilled lizards (D:1)
  19 kobolds
  2 rats (D:1)
612 creatures vanquished.

Vanquished Creatures (others)
  A mana viper (Snake:2)
  A troll (D:10)
  2 blink frogs (Lair:1)
  A bullfrog (D:9)
  2 orcs (Orc:2)
7 creatures vanquished.

Grand Total: 856 creatures vanquished

Table legend:
 A = Non-vault XP
 B = Vault XP
 C = Vault XP percentage of total XP
 D = Non-vault monster count
 E = Vault monster count
 F = Vault count percentage of total count
                 A         B        C        D         E       F
            +---------+---------+-------+---------+---------+-------
      Total |  124523 |   70317 |  36.1 |     541 |     302 |  35.8
            +---------+---------+-------+---------+---------+-------
        D:1 |      44 |       0 |   0.0 |      24 |       0 |   0.0
        D:2 |      26 |      27 |  50.9 |       8 |       2 |  20.0
        D:3 |      72 |       0 |   0.0 |      17 |       0 |   0.0
        D:4 |     334 |     248 |  42.6 |      11 |       5 |  31.2
        D:5 |     291 |     292 |  50.1 |      12 |       3 |  20.0
        D:6 |     251 |    1164 |  82.3 |       6 |      13 |  68.4
        D:7 |    1084 |       0 |   0.0 |      41 |       0 |   0.0
        D:8 |    1363 |       0 |   0.0 |      39 |       0 |   0.0
        D:9 |    1306 |    3463 |  72.6 |      11 |      27 |  71.1
       D:10 |    2213 |   10143 |  82.1 |      22 |      21 |  48.8
       D:11 |    3850 |    9417 |  71.0 |      20 |      53 |  72.6
       D:12 |    7329 |       0 |   0.0 |      27 |       0 |   0.0
       D:13 |    8170 |      42 |   0.5 |      16 |       1 |   5.9
       D:14 |    6720 |    2463 |  26.8 |      13 |       5 |  27.8
       D:15 |   15749 |    2738 |  14.8 |      27 |       3 |  10.0
     Lair:1 |    2931 |     742 |  20.2 |      14 |       4 |  22.2
     Lair:2 |   10516 |    2243 |  17.6 |      40 |       9 |  18.4
     Lair:3 |    4320 |       0 |   0.0 |      11 |       0 |   0.0
     Lair:4 |    4885 |     172 |   3.4 |      16 |       4 |  20.0
     Lair:5 |   15699 |   11316 |  41.9 |      51 |      23 |  31.1
    Snake:1 |   19947 |     626 |   3.0 |      37 |       2 |   5.1
    Snake:2 |   10794 |   12191 |  53.0 |      22 |      16 |  42.1
      Orc:1 |    2286 |       0 |   0.0 |      20 |       0 |   0.0
      Orc:2 |    4343 |    8025 |  64.9 |      36 |      60 |  62.5
      IceCv |       0 |    5005 | 100.0 |       0 |      51 | 100.0
            +---------+---------+-------+---------+---------+-------

Skill      XL: |  1  2  3  4  5  6  7  8  9 10 11 12 13 14 15 16 |
---------------+-------------------------------------------------+-----
Dodging        | 2 3 4 5 7 8 9 10 11 12 | 12.0
Spellcasting   | 3 4 5 7 8 9 11 12 13 14 | 14.7
Summonings     | 5 6 9 11 12 13 14 15 16 17 18 | 18.4
Fire Magic     | 2 4 |  4.0
Air Magic      | 2 4 |  4.0
Fighting       | 1 5 8 10 | 10.0
Invocations    | 1 6 9 |  9.0
Hexes          | 2 4 |  4.0
Necromancy     | 1 4 |  4.0
Stealth        | |  1.9

Action                     |  1- 3 |  4- 6 |  7- 9 | 10-12 | 13-15 | 16-18 || total
---------------------------+-------+-------+-------+-------+-------+-------++-------
  Melee: Unarmed           |    27 |    42 |    27 |    85 |   103 |       ||   284
         Punch             |     1 |     2 |     4 |     2 |     3 |       ||    12
         Tailslap          |       |       |     8 |    16 |    33 |     5 ||    62
         Rapier            |       |       |       |       |    15 |    17 ||    32
   Cast: Summon Small Mamm |    35 |    21 |    20 |    26 |       |       ||   102
         Call Imp          |    13 |    13 |    15 |    19 |       |       ||    60
         Call Canine Famil |     2 |    18 |    53 |    91 |    17 |       ||   181
         Summon Blazeheart |       |       |     7 |    17 |     5 |       ||    29
         Summon Lightning  |       |       |    17 |    56 |    15 |       ||    88
         Summon Cactus Gia |       |       |       |    10 |   124 |     3 ||   137
         Monstrous Menager |       |       |       |     7 |   139 |     7 ||   153
         Summon Mana Viper |       |       |       |     2 |    34 |     3 ||    39
         Summon Hydra      |       |       |       |       |    25 |     2 ||    27
         Summon Horrible T |       |       |       |       |    11 |    27 ||    38
         Anguish           |       |       |       |       |     3 |       ||     3
         Dragon's Call     |       |       |       |       |       |     1 ||     1
 Invoke: Forget Spell      |       |       |       |     2 |     1 |       ||     3
         Divine Exegesis   |       |       |       |       |       |     1 ||     1
    Use: Scroll            |       |     5 |     4 |     7 |    15 |     1 ||    32
         Potion            |       |       |       |     2 |     5 |     3 ||    10
   Stab: Sleeping          |       |       |     1 |       |       |       ||     1
         Distracted        |       |       |       |     1 |     8 |     1 ||    10
 Armour: Robe              |    37 |       |       |       |       |       ||    37
         Leather armour    |     8 |    56 |    87 |   178 |   212 |    43 ||   584
  Dodge: Dodged            |    51 |    45 |    82 |   209 |   253 |    53 ||   693
  Block: Other             |       |       |       |       |       |     7 ||     7

Illustrated notes

Table legend:
 A = Kills in this place as a percentage of kills in the entire game.
 B = Kills by you in this place as a percentage of kills by you in the entire game.
 C = Kills by friends in this place as a percentage of kills by friends in the entire game.
 D = Other kills in this place as a percentage of other kills in the entire game.
 E = Experience gained in this place as a percentage of experience gained in the entire game.
 F = Experience gained in this place divided by the number of levels of this place that you have seen.
                   A       B       C       D       E      F
               +-------+-------+-------+-------+-------+----------------------
         Total | 100.0 | 100.0 | 100.0 | 100.0 | 100.0 | 7216.3
       Dungeon |  50.7 |  53.0 |  49.7 |  66.7 |  40.4 | 5253.3
          Lair |  20.4 |  20.4 |  20.5 |   0.0 |  27.1 | 10564.8
     Snake Pit |   9.1 |  11.3 |   8.2 |  33.3 |  22.4 | 21779.0
  Orcish Mines |  13.8 |  13.0 |  14.1 |   0.0 |   7.5 | 7327.0
      Ice Cave |   6.0 |   2.2 |   7.5 |   0.0 |   2.6 | 5005.0
               +-------+-------+-------+-------+-------+----------------------

Table legend: (Time is in decaauts)
 A = Elapsed time spent in this place.
 B = Non-inter-level travel time spent in this place.
 C = Inter-level travel time spent in this place.
 D = Time resting spent in this place.
 E = Time spent auto-exploring this place.
 F = Levels seen in this place.
 G = Mean time per level.
                   A        B        C        D        E       F      G
               +--------+--------+--------+--------+--------+-----+--------+
         Total |  35429 |  33505 |   1924 |   1357 |  25933 |  27 | 1312.2 |
       Dungeon |  21727 |  20690 |   1037 |    536 |  16542 |  15 | 1448.5 |
        Temple |    160 |     91 |     69 |      0 |      0 |   1 |  160.0 |
          Lair |   7271 |   6748 |    523 |    127 |   5501 |   5 | 1454.2 |
     Snake Pit |   2705 |   2607 |     98 |    231 |   1853 |   2 | 1352.5 |
    Slime Pits |      1 |      1 |      0 |      0 |      0 |   1 |    1.0 |
  Orcish Mines |   1931 |   1735 |    196 |    397 |    912 |   2 |  965.5 |
      Ice Cave |   1630 |   1630 |      0 |     66 |   1125 |   1 | 1630.0 |
               +--------+--------+--------+--------+--------+-----+--------+

Top non-repeatable levels by time:
    D:11: 2802 daAuts
    D:10: 2508 daAuts
  Lair:2: 1910 daAuts
 Snake:1: 1773 daAuts
  Lair:5: 1702 daAuts
    D:14: 1700 daAuts
    D:12: 1677 daAuts
  Lair:4: 1632 daAuts
   IceCv: 1630 daAuts
     D:9: 1540 daAuts
     D:8: 1320 daAuts
     D:1: 1281 daAuts
    D:15: 1196 daAuts
     D:3: 1184 daAuts
    D:13: 1177 daAuts
